 Dungeon Crawl Stone Soup version 0.25.1-1-g288607f5aa (webtiles) character file.

Game seed: 15847040712405667465

267906 BledDest the Impaler (level 19, 0/256 HPs)
             Began as a Demonspawn Gladiator on July 27, 2020.
             Was the Champion of Okawaru.
             Slain by a naga warrior
             ... wielding the +0 spear of Wuidgh {flame, Str+2}
              (6 damage)
             ... on level 4 of the Snake Pit.
             The game lasted 02:04:35 (47976 turns).

BledDest the Impaler (Demonspawn Gladiator)        Turns: 47976, Time: 02:04:36

Health: 0/256      AC: 29    Str: 29    XL:     19   Next: 36%
Magic:  10/10      EV: -1    Int: 11    God:    Okawaru [******]
Gold:   1787       SH:  0    Dex: 27    Spells: 18/18 levels left

rFire    . . .     SeeInvis +   X - +3 glaive "Demonspawn's Foe" {freeze, rElec rC+}
rCold    + + .     Gourm    .   (shield currently unavailable)
rNeg     + + +     Faith    .   (armour currently unavailable)
rPois    +         Spirit   .   (helmet unavailable)
rElec    +         Reflect  .   (cloak currently unavailable)
rCorr    .         Harm     .   (gloves currently unavailable)
MR       +....     NoTele   +   (boots currently unavailable)
Stlth    ++++......             w - amulet of Biakus {Acrobat rElec MP-9 Str+10 Stlth-}
HPRegen  0.52/turn              Y - ring of Paware {rC+ Dex+4 SInv}
MPRegen  0.12/turn              y - +6 ring of dexterity

@: lethally poisoned (0 -> 0), tree-form, berserk cooldown, slowed, constricted,
studying Shields, very slow
A: nightstalker 3, robust 1
}: 2/15 runes: decaying, serpentine
a: Heroism, Finesse, Renounce Religion


You were on level 4 of the Snake Pit.
You worshipped Okawaru.
Okawaru was exalted by your worship.
You were hungry.
You were a tree.
You visited 6 branches of the dungeon, and saw 32 of its levels.
You visited the Abyss 1 time.
You also visited: Sewer, Gauntlet and Ice Cave.

You collected 2697 gold pieces.
You spent 910 gold pieces at shops.

Inventory:

Hand Weapons
 S - the +2 executioner's axe of Contention {venom, MR+ MP-9 Int+3, unknown}
   (Okawaru gifted it to you on level 4 of the Snake Pit)

   It poisons the flesh of those it strikes.
   It affects your intelligence (+3).
   It affects your resistance to hostile enchantments.
   It affects your magic capacity (-9).
 X - the +3 glaive "Demonspawn's Foe" (weapon) {freeze, rElec rC+}
   (You found it in a Gauntlet)

   It has been specially enchanted to freeze those struck by it, causing extra
   injury to most foes and up to half again as much damage against particularly
   susceptible opponents.
   It can also slow down cold-blooded creatures.
   It protects you from cold.
   It insulates you from electricity.
Missiles
 g - 10 curare-tipped darts
 C - a throwing net (quivered)
 L - 31 poisoned darts
Armour
 a - a scarf of resistance (melded)
 b - the +10 chain mail "Waeqedwo" (melded) {+Fly rPois MP+9 Stlth-}
   (Okawaru gifted it to you on level 1 of the Lair of Beasts)

   It protects you from poison.
   It affects your magic capacity (+9).
   It lets you fly.
   It makes you less stealthy.
 d - a +2 cloak
 E - a +1 cloak of poison resistance
 G - a +0 pair of boots (melded)
 N - the +8 plate armour of the Xenops {MR+ Str+2 Int+4 Dex-4, unknown}
   (You found it on level 4 of the Snake Pit)

   It affects your strength (+2).
   It affects your intelligence (+4).
   It affects your dexterity (-4).
   It affects your resistance to hostile enchantments.
 T - the +0 pair of gloves "Ocua" {rCorr, unknown}
   (Okawaru gifted it to you on level 4 of the Snake Pit)

   It provides partial protection from all sources of acid and corrosion.
 V - a +2 pair of gloves of dexterity (melded)
Jewellery
 n - an uncursed amulet of guardian spirit
 w - the amulet of Biakus (around neck) {Acrobat rElec MP-9 Str+10 Stlth-}
   (You took it off a minotaur in a Gauntlet)

   [amulet of the acrobat]

   It helps you evade while moving and waiting.
   It affects your strength (+10).
   It insulates you from electricity.
   It affects your magic capacity (-9).
   It makes you less stealthy.
 y - a +6 ring of dexterity (right branch)
 F - an uncursed ring of protection from fire
 Y - the ring of Paware (left branch) {rC+ Dex+4 SInv}
   (You found it in a Gauntlet)

   [ring of see invisible]

   It affects your dexterity (+4).
   It protects you from cold.
   It lets you see invisible.
Wands
 f - a wand of iceblast (10)
 q - a wand of clouds (9)
 A - a wand of paralysis (25)
 H - a wand of acid (9)
 Q - a wand of flame (11)
 R - a wand of disintegration (14)
Scrolls
 l - 19 scrolls of teleportation
 p - a scroll of acquirement {unknown}
 s - 4 scrolls of magic mapping
 t - 4 scrolls of fog
 u - 9 scrolls of blinking
 x - 12 scrolls of remove curse
 B - a scroll of enchant weapon
 D - a scroll of torment {unknown}
 J - 4 scrolls of identify
 U - a scroll of silence {unknown}
Potions
 c - 2 potions of brilliance
 e - 4 potions of ambrosia
 j - 4 potions of cancellation
 m - 5 potions of haste
 o - a potion of flight
 v - 9 potions of curing
 z - 2 potions of stabbing
 I - 2 potions of magic
 K - 6 potions of lignification
 M - 3 potions of invisibility
 O - 4 potions of might
 P - 3 potions of resistance
Books
 r - a manual of Shields
Comestibles
 k - 53 rations


   Skills:
 + Level 15.6 Fighting
 + Level 18.7(19.4) Polearms
   Level 9.5(15.2) Staves
 - Level 1.7 Throwing
 + Level 14.3 Armour
 + Level 14.6 Dodging


You had 18 spell levels left.
You didn't know any spells.
Your spell library contained the following spells:

 Spells                   Type           Power        Failure   Level  Hunger
 Animate Skeleton         Necr           N/A          34%         1    ##.....
 Apportation              Tloc           #.....       34%         1    ##.....
 Beastly Appendage        Tmut           #.....       34%         1    ##.....
 Corona                   Hex            #......      34%         1    ##.....
 Foxfire                  Conj/Fire      #...         34%         1    ##.....
 Freeze                   Ice            #...         34%         1    ##.....
 Magic Dart               Conj           #...         34%         1    ##.....
 Shock                    Conj/Air       #...         34%         1    ##.....
 Summon Small Mammal      Summ           #...         34%         1    ##.....
 Ensorcelled Hibernation  Hex/Ice        #.....       47%         2    ###....
 Searing Ray              Conj           #.....       47%         2    ###....
 Sticks to Snakes         Tmut           #.......     47%         2    ###....
 Swiftness                Chrm/Air       #.......     47%         2    ###....
 Confusing Touch          Hex            #.......     71%         3    ####...
 Conjure Flame            Conj/Fire      #.......     71%         3    ####...
 Dazzling Flash           Conj/Hex       #.....       71%         3    ####...
 Frozen Ramparts          Ice            #.....       71%         3    ####...
 Gell's Gravitas          Tloc           #.........   71%         3    ####...
 Inner Flame              Hex/Fire       #.......     71%         3    ####...
 Ozocubu's Armour         Chrm/Ice       #.......     71%         3    ####...
 Spider Form              Tmut/Pois      #.........   71%         3    ####...
 Static Discharge         Conj/Air       #.......     71%         3    ####...
 Tukima's Dance           Hex            #.......     71%         3    ####...
 Airstrike                Air            #.........   98%         4    #####..
 Fulminant Prism          Conj/Hex       #.........   98%         4    #####..
 Hailstorm                Conj/Ice       #.......     98%         4    #####..
 Ice Form                 Ice/Tmut       #.......     98%         4    #####..
 Iskenderun's Mystic Bla  Conj/Tloc      #.......     98%         4    #####..
 Petrify                  Tmut/Erth      #.......     98%         4    #####..
 Sticky Flame             Conj/Fire      #.......     98%         4    #####..
 Summon Ice Beast         Ice/Summ       #.......     98%         4    #####..
 Summon Lightning Spire   Summ/Air       #.......     98%         4    #####..
 Blade Hands              Tmut           #.........   100%        5    ######.
 Fireball                 Conj/Fire      #.........   100%        5    ######.
 Irradiate                Conj/Tmut      #.........   100%        5    ######.
 Lightning Bolt           Conj/Air       #.........   100%        5    ######.
 Metabolic Englaciation   Hex/Ice        #.........   100%        5    ######.
 Silence                  Hex/Air        #.........   100%        5    ######.
 Yara's Violent Unravell  Hex/Tmut       #.........   100%        5    ######.
 Conjure Ball Lightning   Conj/Air       #.........   100%        6    #######
 Freezing Cloud           Conj/Ice/Air   #.........   100%        6    #######
 Hydra Form               Tmut           #.........   100%        6    #######
 Ozocubu's Refrigeration  Ice            #.........   100%        6    #######
 Simulacrum               Ice/Necr       #.........   100%        6    #######
 Statue Form              Tmut/Erth      #........    100%        6    #######
 Dragon Form              Tmut           #.........   100%        7    #######
 Tornado                  Air            #.........   100%        9    #######


Dungeon Overview and Level Annotations

Branches:
Dungeon (15/15)            Temple (1/1) D:5            Lair (6/6) D:9
  Swamp (4/4) Lair:4        Snake (4/4) Lair:4        Slime (0/5) Lair:5
    Orc (2/2) D:10            Elf (0/3) Orc:2        Vaults (0/5) D:13
 Depths (0/5) D:15          Sewer (visited)           IceCv (visited)
Gauntlet (visited)

Altars:
Ashenzari
Cheibriados
Dithmenos
Elyvilon
Fedhas
Gozag
Hepliaklqana
Kikubaaqudgha
Makhleb
Nemelex Xobeh
Okawaru
Qazlal
Ru
Sif Muna
Trog
Uskayaw
Vehumet
Wu Jian
Xom
Yredelemnul
Zin
The Shining One
Beogh

Shops:
D:4 =   D:15 *   Orc:2 }*(=*   Snake:1 [

Annotations:
Lair:5 1 runed translucent door, Bolunijamo's ghost, journeyman GnFi
Snake:4 1 transporter


Innate Abilities, Weirdness & Mutations

((You have a pair of large antennae on your head. (SInv)))
((You are mostly covered in icy blue scales. (AC +3)))
You are completely attuned to the shadows.
You are robust. (+10% HP)
((You are partially covered in sharp spines.))


Message History

The naga warrior constricts you.
You barely miss the naga warrior.
The naga warrior is heavily wounded.
You feel sick.
The salamander hits you but does no damage.
You feel much better.
You feel sick. The naga warrior completely misses you.
* * * LOW HITPOINT WARNING * * *
The naga warrior constricts you.
The salamander hits you from afar with a +0 halberd!
* * * LOW HITPOINT WARNING * * *
You are engulfed in flames!
* * * LOW HITPOINT WARNING * * *
The naga warrior hits you but does no damage.
The naga warrior constricts you.
You closely miss the naga warrior.
The naga warrior is heavily wounded.
You feel sick.
The salamander hits you but does no damage.
The naga warrior hits you but does no damage.
You die...

#.............####.......'.....#.
#.............'..###.....##...##.
....###.......'.#'.#.....#....##.
.####.###.....####.#.....#.....#.
##......#...............)##..###.
#.......##....#...©.......####...
#.[......#......#####...)).......
##......##....###NN.###..........
.#......#....###♣#N...##.........
.#......'....#..##{{{..#.......##
.#.....##...##.. §#....##.....##
.#######....#... . .....#.....#
............#... #..#.....#
...##'#.....#. #..#.....#
.##+..#.....## ####.....##
##....#......# ##...# #.......#
'.....#......## #.....##.......#


You could see a naga warrior and a salamander.

Vanquished Creatures
  Vashnia (Snake:3)
  The ghost of DildoBatman the Earth Mage, an adept FoWz of Gozag (Snake:4)
  Frances (D:14)
  Kirke (D:14)
  7 nagarajas
  4 thorn hunters
  The ghost of Veteran the Thaumaturge, a journeyman GnEE of Okawaru (Swamp:1)
  An orc warlord (Orc:1)
  A frost giant (IceCv)
  Nessos (Orc:2)
  Azrael (D:14)
  A minotaur (Gauntlet)
  A fire dragon (Lair:6)
  An ettin (D:15)
  The ghost of Ebobla the Cleaver, a journeyman HOFi of Beogh (D:10)
  18 naga warriors
  21 hydras
  2 shambling mangroves (Swamp:4)
  2 ghost crabs
  A centaur warrior (Orc:2)
  12 anacondas
  2 catoblepae
  7 two-headed ogres
  2 dancing weapons (D:13)
  8 alligators
  A death yak (IceCv)
  2 ogre magi (D:15)
  2 death scarabs (Gauntlet)
  11 shock serpents
  Urug (Lair:3)
  20 naga sharpshooters
  A spriggan berserker (Swamp:4)
  Sonja (Lair:3)
  3 orc high priests (Orc:1)
  A salamander mystic (Snake:3)
  8 sea snakes (Snake:4)
  A deep troll (D:15)
  4 naga ritualists
  2 spriggan druids
  A lindwurm (Lair:6)
  11 swamp dragons
  8 orc knights
  9 ugly things
  12 mana vipers
  2 deep elf magi
  4 orc sorcerers
  2 cyclopes (D:15)
  A manticore (D:11)
  8 salamanders
  2 moths of wrath
  12 elephants
  25 black mambas
  17 naga magi
  5 guardian serpents
  3 molten gargoyles (Lair:6)
  A gargoyle (D:13)
  21 spiny frogs
  A smoke demon (Gauntlet)
  Psyche (D:12)
  A torpor snail (Lair:6)
  A freezing wraith (D:15)
  18 komodo dragons
  A yaktaur (D:15)
  6 rime drakes
  A red devil (Gauntlet)
  A tengu conjurer (D:15)
  6 trolls
  18 polar bears
  2 queen bees
  5 tyrant leeches
  A meliai (shapeshifter) (D:15)
  9 bog bodies
  7 dream sheep (Lair:6)
  15 blink frogs
  9 hornets
  19 slime creatures
  9 hippogriffs
  A dream sheep (shapeshifter) (D:14)
  6 spriggans
  4 shadows
  A wraith (D:14)
  A vampire (D:11)
  69 yaks
  3 hogs (D:14)
  3 fire elementals (D:14)
  2 spectral komodo dragons (Gauntlet)
  12 wyverns
  A fire bat (D:6)
  3 hungry ghosts
  5 basilisks
  A steam dragon (Lair:6)
  17 swamp worms
  27 vampire mosquitoes
  15 wargs
  5 insubstantial wisps (Swamp:3)
  2 soldier ants
  63 nagas
  8 porcupines
  9 hell hounds
  An acid dragon (D:10)
  22 water moccasins
  15 swamp drakes
  Purgy (Sewer)
  7 necrophages (Lair:2)
  50 orc warriors
  A phantom (D:10)
  7 ice beasts
  3 black bears
  An eye of draining (D:9)
  5 sky beasts
  26 wolves
  10 ogres
  The ghost of UnDebs the Slasher, an amateur HuGl (D:5)
  14 centaurs
  23 crocodiles
  The ghost of iamyoyoman the Caller, an amateur TeSu (D:3)
  2 big kobolds
  18 bullfrogs
  3 scorpions
  A troll zombie (D:10)
  40 killer bees
  3 howler monkeys
  19 wights
  5 lava snakes (Lair:6)
  7 centaur zombies
  A bullfrog zombie (D:9)
  11 crimson imps
  5 hounds
  15 orc wizards
  18 orc priests
  3 jellies
  Crazy Yiuf (D:5)
  6 bullfrog skeletons
  7 centaur skeletons
  Terence (D:2)
  3 iguanas
  8 worker ants
  A hell rat (Lair:3)
  A killer bee zombie (D:8)
  7 ogre zombies (D:10)
  2 hound zombies
  2 worker ant zombies
  12 adders
  11 gnolls
  2 howler monkey skeletons
  A river rat (Lair:3)
  2 shadow imps
  2 oozes
  An adder skeleton (D:7)
  4 worms
  7 leopard geckos
  108 orcs
  3 ball pythons
  13 giant cockroaches
  5 goblins
  A hobgoblin (D:3)
  9 jackals
  13 kobolds
  8 quokkas
  4 bats
  9 frilled lizards
  4 goblin zombies (D:10)
  A hobgoblin skeleton (D:10)
  2 hobgoblin zombies (D:10)
  A jackal zombie (D:6)
  3 orc skeletons (D:10)
  15 orc zombies (D:10)
  8 rats
  3 briar patches
  2 fungi (Lair:6)
1322 creatures vanquished.

Vanquished Creatures (others)
  A vampire (D:15)
  14 fungi
  3 plants
18 creatures vanquished.

Grand Total: 1340 creatures vanquished

Notes
Turn   | Place    | Note
-------+----------+-------------------------------------------
     0 | D:1      | BledDest the Demonspawn Gladiator began the quest for the
                  | Orb.
     0 | D:1      | Reached XP level 1. HP: 16/16 MP: 1/1
   149 | D:1      | Reached skill level 3 in Polearms
   380 | D:1      | Gained mutation: You are slightly more attuned to the
                  | shadows. [demonic ancestry]
   380 | D:1      | Reached XP level 2. HP: 22/22 MP: 2/2
  1459 | D:2      | Reached XP level 3. HP: 19/27 MP: 3/3
  1616 | D:2      | Noticed Terence
  1671 | D:2      | Killed Terence
  1671 | D:2      | Reached skill level 4 in Polearms
  1947 | D:2      | Reached XP level 4. HP: 22/33 MP: 4/4
  2333 | D:2      | Found a shadowy altar of Dithmenos.
  2917 | D:3      | You fall into a shaft and drop 2 floors!
  2917 | D:5      | Entered Level 5 of the Dungeon
  2937 | D:5      | Found a runed translucent door.
  2958 | D:5      | Noticed Crazy Yiuf
  3005 | D:5      | Killed Crazy Yiuf
  3005 | D:5      | Reached skill level 5 in Polearms
  3212 | D:5      | Reached skill level 1 in Staves
  3212 | D:5      | Gained mutation: You are partially covered in sharp spines.
                  | [demonic ancestry]
  3212 | D:5      | Reached XP level 5. HP: 38/38 MP: 5/5
  3261 | D:5      | Noticed a centaur
  3268 | D:5      | Killed a centaur
  3425 | D:5      | Reached XP level 6. HP: 28/44 MP: 6/6
  3556 | D:5      | Found a staircase to the Ecumenical Temple.
  3562 | Temple   | Entered the Ecumenical Temple
  3812 | D:4      | Found Haforrar's Jewellery Shop.
  3833 | D:4      | Found a shimmering altar of Xom.
  3987 | D:4      | Found a glowing drain.
  4014 | Sewer    | Entered a sewer
  4038 | Sewer    | Noticed Purgy
  4045 | Sewer    | Killed Purgy
  4364 | D:4      | Reached skill level 5 in Staves
  4364 | D:4      | Reached XP level 7. HP: 50/50 MP: 7/7
  4563 | D:4      | Found a snail-covered altar of Cheibriados.
  4920 | D:3      | Found a runed translucent gate.
  4921 | D:3      | Found a runed translucent gate.
  4921 | D:3      | Identified the cursed +0 scale mail "Ygerux" {*Slow MR++
                  | Int+3 SInv}
  4921 | D:3      | Noticed iamyoyoman's ghost (amateur TeSu)
  4922 | D:3      | Found a runed translucent gate.
  5280 | D:3      | Found an iron altar of Okawaru.
  5291 | D:3      | Became a worshipper of Warmaster Okawaru
  5891 | D:3      | Killed iamyoyoman's ghost
  5959 | D:3      | Found a roughly hewn altar of Beogh.
  6199 | D:5      | Found a basalt altar of Yredelemnul.
  6214 | D:5      | You fall into a shaft and drop 3 floors!
  6300 | D:7      | Reached * piety under Okawaru
  6463 | D:6      | Found a sacrificial altar of Ru.
  6647 | D:5      | Gained mutation: You are partially covered in icy blue
                  | scales. (AC +2) [demonic ancestry]
  6647 | D:5      | Reached XP level 8. HP: 56/56 MP: 8/8
  6778 | D:5      | Found an ancient bone altar of Kikubaaqudgha.
  6890 | D:5      | Noticed UnDebs's ghost (amateur HuGl)
  6908 | D:5      | Found a transporter.
  6915 | D:5      | Found a transporter.
  6925 | D:5      | Killed UnDebs's ghost
  7102 | D:5      | Found a shimmering blue altar of Sif Muna.
  7418 | D:6      | Reached ** piety under Okawaru
  8314 | D:7      | Found the +5 scythe "Finisher" {speed, eviscerate}
  8358 | D:7      | Gained mutation: You are mostly covered in icy blue scales.
                  | (AC +3) [demonic ancestry]
  8358 | D:7      | Reached XP level 9. HP: 38/61 MP: 9/9
  8595 | D:7      | Reached skill level 6 in Polearms
  8713 | D:7      | Reached *** piety under Okawaru
  9084 | D:8      | Found a glowing golden altar of the Shining One.
  9253 | D:8      | Reached skill level 7 in Polearms
  9701 | D:8      | Reached skill level 8 in Polearms
  9989 | D:8      | Found a blossoming altar of Fedhas.
  9992 | D:8      | Found a burning altar of Makhleb.
 10397 | D:9      | Reached **** piety under Okawaru
 10397 | D:9      | Reached skill level 9 in Polearms
 10422 | D:9      | Gained mutation: You have a pair of small antennae on your
                  | head. [demonic ancestry]
 10422 | D:9      | Reached XP level 10. HP: 36/67 MP: 10/10
 10599 | D:9      | Reached skill level 10 in Polearms
 11116 | D:9      | Received a gift from Okawaru
 11177 | D:9      | Reached skill level 11 in Polearms
 11645 | D:9      | Noticed an orc knight
 11646 | D:9      | Noticed an orc sorcerer
 11650 | D:9      | Killed an orc sorcerer
 11650 | D:9      | Reached skill level 1 in Armour
 11660 | D:9      | Killed an orc knight
 11660 | D:9      | Reached ***** piety under Okawaru
 11670 | D:9      | Noticed an orc knight
 11759 | D:9      | Killed an orc knight
 12009 | D:9      | Noticed an orc knight
 12015 | D:9      | Killed an orc knight
 12015 | D:9      | Reached XP level 11. HP: 55/75 MP: 11/11
 12269 | D:9      | Noticed a two-headed ogre
 12304 | D:9      | Found a staircase to the Lair.
 12308 | D:9      | Killed a two-headed ogre
 12330 | D:9      | Received a gift from Okawaru
 12435 | D:9      | Noticed a two-headed ogre
 12441 | D:9      | Killed a two-headed ogre
 12837 | Lair:1   | Entered Level 1 of the Lair of Beasts
 12869 | Lair:1   | Reached skill level 12 in Polearms
 13172 | Lair:1   | Reached skill level 5 in Dodging
 13213 | Lair:1   | Reached skill level 5 in Fighting
 13451 | Lair:1   | Reached ****** piety under Okawaru
 13479 | Lair:1   | Received a gift from Okawaru
 13480 | Lair:1   | Got a faintly glowing chain mail {god gift}
 13491 | Lair:1   | Identified the +10 chain mail "Waeqedwo" {+Fly rPois MP+9
                  | Stlth-} (Okawaru gifted it to you on level 1 of the Lair of
                  | Beasts)
 14081 | Lair:2   | Reached skill level 5 in Armour
 14205 | Lair:2   | Reached XP level 12. HP: 74/88 MP: 12/12
 15184 | Lair:3   | Noticed Urug
 15434 | Lair:3   | Received a gift from Okawaru
 15521 | Lair:3   | Killed Urug
 15711 | Lair:3   | Noticed Sonja
 15745 | Lair:3   | Cast into level 1 of the Abyss (Sonja)
 15773 | Lair:3   | Escaped the Abyss
 16119 | Lair:3   | Killed Sonja
 16119 | Lair:3   | Reached skill level 13 in Polearms
 16510 | Lair:3   | Gained mutation: You have a pair of antennae on your head.
                  | [demonic ancestry]
 16510 | Lair:3   | Reached XP level 13. HP: 32/98 MP: 13/13
 17024 | Lair:4   | Found a gate leading to a gauntlet.
 17051 | Gauntlet | Entered a Gauntlet
 17051 | Gauntlet | Found a transporter.
 17059 | Gauntlet | Found a runed translucent door.
 17060 | Gauntlet | Found a transporter.
 17061 | Gauntlet | Found a transporter.
 17093 | Gauntlet | Found a transporter.
 17196 | Gauntlet | Found a transporter.
 17199 | Gauntlet | Noticed a reaper
 17203 | Gauntlet | Got a crude lead ring
 17215 | Gauntlet | Received a gift from Okawaru
 17228 | Gauntlet | Found a transporter.
 17230 | Gauntlet | Got a jewelled glaive
 17234 | Gauntlet | Got a vibrating platinum ring
 17472 | Gauntlet | Identified the amulet of Biakus {Acrobat rElec MP-9 Str+10
                  | Stlth-}
 17472 | Gauntlet | Noticed a minotaur
 17478 | Gauntlet | Killed a minotaur
 17491 | Gauntlet | Identified the +3 glaive "Demonspawn's Foe" {freeze, rElec
                  | rC+} (You found it in a Gauntlet)
 17494 | Gauntlet | Identified the ring "Eleicw" {rElec rF- Str+6 Slay-4 SInv}
                  | (You found it in a Gauntlet)
 17496 | Gauntlet | Identified the ring of Paware {rC+ Dex+4 SInv} (You found
                  | it in a Gauntlet)
 17782 | Lair:4   | Found a staircase to the Swamp.
 17833 | Lair:4   | Found a staircase to the Snake Pit.
 18832 | Lair:5   | Received a gift from Okawaru
 18908 | Lair:5   | Received a gift from Okawaru
 18926 | Lair:5   | Reached skill level 14 in Polearms
 19205 | Lair:5   | Found a runed translucent door.
 19205 | Lair:5   | Noticed Bolunijamo's ghost (journeyman GnFi)
 19249 | Lair:5   | Found a staircase to the Slime Pits.
 19581 | Lair:5   | You fall into a shaft and drop 1 floor!
 19581 | Lair:6   | Entered Level 6 of the Lair of Beasts
 20225 | Lair:6   | Reached XP level 14. HP: 94/109 MP: 14/14
 20375 | Lair:6   | Reached skill level 10 in Fighting
 21225 | Lair:6   | Received a gift from Okawaru
 21228 | Lair:6   | Got a jewelled lajatang {god gift}
 21614 | Lair:6   | Reached skill level 15 in Polearms
 21657 | Lair:6   | Found a large runed translucent door.
 21658 | Lair:6   | Found a large runed translucent door.
 22278 | D:10     | Entered Level 10 of the Dungeon
 22381 | D:10     | Found a transporter.
 22395 | D:10     | Found a transporter.
 22402 | D:10     | Noticed Ebobla's ghost (journeyman HOFi)
 22443 | D:10     | Killed Ebobla's ghost
 22443 | D:10     | Reached skill level 10 in Dodging
 22731 | D:10     | Found a staircase to the Orcish Mines.
 23017 | Orc:1    | Entered Level 1 of the Orcish Mines
 23440 | D:10     | Received a gift from Okawaru
 24034 | Orc:1    | Noticed an orc warlord
 24047 | Orc:1    | Killed an orc warlord
 24100 | Orc:1    | Found a roughly hewn altar of Beogh.
 24857 | Orc:2    | Entered Level 2 of the Orcish Mines
 24897 | Orc:2    | Reached skill level 10 in Armour
 25285 | Orc:2    | Found a staircase to the Elven Halls.
 25482 | Orc:2    | Noticed Nessos
 25501 | Orc:2    | Killed Nessos
 25878 | Orc:2    | Found Eowefib's Eclectic Emporium.
 25904 | Orc:2    | Bought a potion of experience for 700 gold pieces
 25904 | Orc:2    | Bought 2 scrolls of enchant armour for 210 gold pieces
 25904 | Orc:2    | Reached skill level 16 in Polearms
 25904 | Orc:2    | Gained mutation: You are robust. (+10% HP) [demonic
                  | ancestry]
 25904 | Orc:2    | Reached XP level 15. HP: 113/130 MP: 15/15
 25997 | Orc:2    | Found Cogh's General Store.
 25997 | Orc:2    | Found Jozoemoc's Antique Weapon Emporium.
 25998 | Orc:2    | Found Ceafoxte's Jewellery Shoppe.
 26000 | Orc:2    | Found Niabbulu's Gadget Shop.
 26614 | D:11     | Gained mutation: You have a pair of large antennae on your
                  | head. (SInv) [demonic ancestry]
 26614 | D:11     | Reached XP level 16. HP: 138/138 MP: 16/16
 27151 | D:12     | Found a frozen archway.
 27160 | D:12     | Noticed Psyche
 27163 | IceCv    | Entered an ice cave
 27339 | IceCv    | Received a gift from Okawaru
 27982 | D:12     | Killed Psyche
 29731 | D:13     | Found a gate to the Vaults.
 30614 | D:14     | Noticed Azrael
 30644 | D:14     | Killed Azrael
 31064 | D:14     | Noticed Frances
 31081 | D:14     | Killed Frances
 31537 | D:14     | Noticed Kirke
 31559 | D:14     | Killed Kirke
 31559 | D:14     | Received a gift from Okawaru
 31665 | D:15     | Entered Level 15 of the Dungeon
 31720 | D:15     | Found Ashrouso's Mass Market.
 31740 | D:15     | Reached skill level 17 in Polearms
 32139 | D:15     | Found a staircase to the Depths.
 32191 | D:15     | Received a gift from Okawaru
 32771 | Lair:1   | Identified the +3 lajatang "Vicailo" {freeze, rF+++ rC-}
                  | (Okawaru gifted it to you on level 6 of the Lair of Beasts)
 33017 | Swamp:1  | Entered Level 1 of the Swamp
 33088 | Swamp:1  | Gained mutation: You are significantly more attuned to the
                  | shadows. [demonic ancestry]
 33088 | Swamp:1  | Reached XP level 17. HP: 135/148 MP: 17/17
 33091 | Swamp:1  | Got a bound steel ring
 33528 | Swamp:1  | Found a runed translucent door.
 33530 | Swamp:1  | Noticed Veteran's ghost (journeyman GnEE)
 33567 | Swamp:1  | Killed Veteran's ghost
 36266 | Swamp:3  | Identified the ring "Ufaoh" {rF+ Int+4} (You found it on
                  | level 1 of the Swamp)
 36277 | Swamp:4  | Entered Level 4 of the Swamp
 36817 | Swamp:4  | Received a gift from Okawaru
 39339 | Swamp:4  | Got a decaying rune of Zot
 39873 | Snake:1  | Entered Level 1 of the Snake Pit
 39911 | Snake:1  | Received a gift from Okawaru
 39977 | Snake:1  | Found an ancient bone altar of Kikubaaqudgha.
 39992 | Snake:1  | Gained mutation: You are completely attuned to the shadows.
                  | [demonic ancestry]
 39992 | Snake:1  | Reached XP level 18. HP: 159/160 MP: 18/18
 40188 | Snake:1  | Found Ceuxze's Antique Armour Emporium.
 41275 | Snake:2  | Reached skill level 18 in Polearms
 42395 | Snake:3  | Received a gift from Okawaru
 44572 | Snake:4  | Entered Level 4 of the Snake Pit
 44650 | Snake:4  | Noticed Vashnia
 44662 | Snake:3  | Killed Vashnia
 45017 | Snake:4  | Reached skill level 15 in Fighting
 45237 | Snake:4  | Got a glimmering plate armour
 45306 | Snake:4  | Identified the cursed +1 scimitar of Jyjegam {protect,
                  | rElec}
 45306 | Snake:4  | Identified the +0 spear of Wuidgh {flame, Str+2}
 46015 | Snake:4  | Found a transporter.
 46015 | Snake:4  | Found a transporter.
 46425 | Snake:4  | Reached XP level 19. HP: 161/170 MP: 19/19
 46653 | Snake:4  | Received a gift from Okawaru
 46654 | Snake:4  | Got an ichor-stained executioner's axe {god gift}
 47426 | Snake:4  | Got a serpentine rune of Zot
 47932 | Snake:4  | Noticed DildoBatman's ghost (adept FoWz)
 47947 | Snake:4  | Received a gift from Okawaru
 47948 | Snake:4  | Got a pair of scorched gloves {god gift}
 47964 | Snake:4  | Killed DildoBatman's ghost
 47975 | Snake:4  | HP: 6/256 [salamander/+0 halberd (11)]
 47976 | Snake:4  | Slain by a naga warrior

Illustrated notes

Levels and vault maps discovered:
D:1:      eino_arrival_tree_alley, layout_basic
D:2:      layout_basic, nicolae_overflow_crystal_walls, uniq_terence
D:3:      layout_loops_corners, okawaru_gym_becter, biasface_ghost_orc_armoury
D:4:      layout_basic, kennysheep_mini_moat, serial_shops, shop, first_ration,
          portal_sewer_entry_f, xom_teletrap_fun
D:5:      layout_cave_pods, lemuel_doored_altar, lemuel_round_altar,
          overflow_temple_1_default, minmay_temple_entry_enclosed_plants,
          gammafunk_ghost_smash, uniq_crazy_yiuf_cottage
D:6:      layout_basic, kennysheep_mini, kennysheep_generic_room_4
D:7:      layout_loops_ring
D:8:      layout_loops_corners, minitemple, basic_altar
D:9:      lemuel_castle_with_subvaults [lemuel_castle_interior_carwin_1],
          layout_irregular_city, erik_lair_dragon, blue_anna_alchemist
          [blue_anna_fruit_fields, blue_anna_fruit_fields]
D:10:     layout_gridville, zombieorc2_lemuel, gammafunk_ghost_berserking_beasts
D:11:     layout_gridville
D:12:     layout_cave_pods, portal_ice_cave_entry_pillars_2, uniq_psyche
D:13:     layout_irregular_city, erik_vaults_1
D:14:     layout_roguey, lemuel_flamethrower_1, uniq_azrael, uniq_kirke,
          uniq_frances
D:15:     hangedman_depths_entry_civil_slaughter, layout_cave_pods,
          minivault_19, minmay_shop_mass
Temple:   dshaligram_water_room_temple
Lair:1:   layout_chaotic_city
Lair:2:   layout_gridlike, chequers_serial_rivers_micro_e, roderic_carrion_pond
Lair:3:   regret_index_combs_of_tragedy, layout_cave_shapes, grunt_megastairs_4,
          uniq_sonja, uniq_urug
Lair:4:   layout_hall_layers, skrybe_swamp_entry_bodies,
          guppyfry_snake_entry_island, gauntlet_entry_generic
Lair:5:   layout_roguey, dpeg_slime_entry_corner, hellmonk_ghost_happy_afterlife
Lair:6:   cheibrodos_lair_end_hotspot, layout_loops_ring, minivault_23
Swamp:1:  layout_basic_swamp, ebering_ghost_inner_flame,
          evilmike_swamp_ruin_house_1
Swamp:2:  layout_basic_swamp, evilmike_swamp_ruin_rubble_2, swamp_pool4
Swamp:3:  layout_basic_swamp, evilmike_swamp_ruin_house_4, swamp_pool3
Swamp:4:  swamp_basic_johnstein, layout_basic_swamp, swamp_pool5,
          hangedman_swamp_lotus
Snake:1:  layout_basic, serial_shops, shop, basic_altar, grunt_ministairs_13,
          nicolae_snake_salamander_stairs, serial_bayou_shore_b
Snake:2:  layout_grid_shapes, lemuel_fruit_tree
Snake:3:  layout_chambers
Snake:4:  grunt_snake_rune_pools, layout_cave_town,
          gammafunk_ghost_wrathful_warriors, uniq_vashnia
Orc:1:    layout_caves, minmay_orc_temple_c
Orc:2:    st_orc_rangers, layout_caves, nicolae_alphabet_shops, uniq_nessos

Skill      XL: |  1  2  3  4  5  6  7  8  9 10 11 12 13 14 15 16 17 18 |
---------------+-------------------------------------------------------+-----
Polearms       | 3 4 5 9 11 12 13 14 16 17 18 | 18.7
Staves         | 1 3 5 7 9 |  9.5
Armour         | 2 5 7 8 10 11 13 14 | 14.3
Dodging        | 3 5 7 9 10 12 13 14 | 14.6
Fighting       | 3 6 8 9 11 12 14 15 | 15.6
Throwing       | |  1.7

Action                   |  1- 3 |  4- 6 |  7- 9 | 10-12 | 13-15 | 16-18 | 19-21 || total
-------------------------+-------+-------+-------+-------+-------+-------+-------++-------
Melee: Trident           |   110 |    42 |       |       |       |       |       ||   152
       Mace              |       |     9 |       |       |       |       |       ||     9
       Quarterstaff      |       |    43 |   161 |       |       |       |       ||   204
       Scythe            |       |       |   120 |   467 |    58 |       |       ||   645
       Glaive            |       |       |       |       |   806 |  1911 |   235 ||  2952
Throw: Stone             |    25 |     5 |     1 |       |       |       |       ||    31
       Throwing net      |     4 |       |       |       |       |       |       ||     4
Invok: Heroism           |       |       |       |       |     1 |     1 |       ||     2
Evoke: Wand              |       |       |       |       |     1 |       |       ||     1
  Use: Scroll            |       |     4 |     7 |     6 |     8 |    13 |     2 ||    40
       Potion            |       |       |     1 |     5 |     1 |     2 |     3 ||    12
 Stab: Sleeping          |     3 |     3 |    20 |     8 |       |       |       ||    34
       Held in net/web   |     1 |       |       |       |       |       |       ||     1
       Invisible         |       |     1 |       |       |       |       |       ||     1
       Petrifying        |       |     2 |       |       |       |       |       ||     2
       Petrified         |       |     2 |       |       |       |       |       ||     2
       Distracted        |       |       |     2 |       |       |     2 |     2 ||     6
       Confused          |       |       |       |       |       |     3 |       ||     3
  Eat: Ration            |     1 |       |       |     1 |     4 |    11 |     1 ||    18
       Chunk             |       |     8 |    18 |    17 |    22 |    27 |     2 ||    94
Armor: Leather armour    |    11 |    31 |    59 |    28 |       |       |       ||   129
       Chain mail        |       |       |       |   159 |   341 |   758 |    59 ||  1317
       Skin              |       |       |       |       |       |       |    21 ||    21
Dodge: Dodged            |    43 |    54 |   138 |   231 |   717 |  1505 |    99 ||  2787
